 Dungeon Crawl Stone Soup version 0.29.0-5-ge4962eb29e (webtiles) character file.

Game seed: 10342679269537774887

1452 kd29 the Insei (level 8, 0/62 HPs)
             Began as a Demonspawn Transmuter on Aug 28, 2022.
             Was an Initiate of Gozag.
             Succumbed to a scorpion's poison
             ... on level 6 of the Dungeon.
             The game lasted 00:09:09 (6423 turns).

kd29 the Insei (Demonspawn Transmuter)              Turns: 6423, Time: 00:09:10

Health: 0/62       AC:  5    Str: 11    XL:     8   Next: 47%
Magic:  11/11      EV: 12    Int: 17    God:    Gozag
Gold:   393        SH:  0    Dex: 13    Spells: 8/11 levels left

rFire   . . .      SeeInvis .     - Unarmed
rCold   . . .      Faith    .   (no shield)
rNeg    . . .      Spirit   .   a - +0 robe
rPois   .          Reflect  .   (helmet currently unavailable)
rElec   .          Harm     .   i - +1 cloak
rCorr   .          Rampage  .   k - +0 pair of gloves
Will    .....                   (boots currently unavailable)
Stlth   +.........              (no amulet)
HPRegen 0.20/turn               (no ring)
MPRegen 0.12/turn               (no ring)

@: lethally poisoned (0 -> -4), appendages (expiring), gold aura, on berserk
cooldown, attractive, hasted and slowed
A: horns 2, talons 2, ignite blood 1, demonic magic 2, demonic touch 2
a: End Transformation, Renounce Religion, Potion Petition, Call Merchant, Bribe
Branch


You were on level 6 of the Dungeon.
You worshipped Gozag.
Gozag was aware of your devotion.
You had temporarily grown beastly horns and talons.
You visited 2 branches of the dungeon, and saw 7 of its levels.

You collected 448 gold pieces.
You paid 55 gold pieces to Gozag.

Inventory:

Hand Weapons
 n - a +1 long sword of electrocution
Missiles
 c - 2 throwing nets
Armour
 a - a +0 robe (worn)
 i - a +1 cloak (worn)
 k - a +0 pair of gloves (worn)
 r - a +0 pair of boots (melded)
 s - a +0 buckler
Jewellery
 p - a ring of resist corrosion
Wands
 j - a wand of polymorph (4)
Scrolls
 f - 6 scrolls of identify {unknown}
 g - a scroll of magic mapping {unknown}
 l - 3 scrolls of amnesia {unknown}
 m - a scroll of vulnerability {unknown}
 q - 4 scrolls of teleportation {unknown}
 t - 2 scrolls of fear {unknown}
 v - a scroll of blinking {unknown}
 x - 2 scrolls of immolation {unknown}
 y - a scroll of enchant weapon {unknown}
 A - a scroll of poison {unknown}
 B - a scroll of noise {unknown}
Potions
 b - 3 potions of lignification
 d - 2 potions of haste
 h - a potion of invisibility {unknown}
 o - a potion of degeneration {unknown}
 u - a potion of ambrosia {unknown}
 w - a potion of mutation {unknown}
 z - a potion of attraction
 C - a potion of curing {unknown}


   Skills:
 + Level 5.1 Fighting
 - Level 2.0 Dodging
 * Level 7.1 Unarmed Combat
 - Level 2.1 Spellcasting
 + Level 5.2 Transmutations


You had 8 spell levels left.
You knew the following spells:

 Your Spells              Type           Power      Damage    Failure   Level
a - Beastly Appendage     Tmut           38%        N/A       2%          1
b - Wereblood             Tmut           19%        N/A       3%          2

Your spell library contained the following spells:

 Spells                   Type           Power      Damage    Failure   Level
 Summon Small Mammal      Summ           4%         N/A       19%         1
 Spider Form              Tmut/Pois      10%        N/A       19%         3
 Call Canine Familiar     Summ           1%         N/A       50%         3
 Summon Guardian Golem    Hex/Summ       1%         N/A       50%         3
 Ice Form                 Ice/Tmut       10%        N/A       54%         4


Dungeon Overview and Level Annotations

Branches:
Dungeon (6/15)             Temple (1/1) D:4

Altars:
Dithmenos
Fedhas
Gozag
Hepliaklqana
Kikubaaqudgha
Makhleb
Nemelex Xobeh
Qazlal
Ru
Sif Muna
Trog
Uskayaw
Xom
Yredelemnul


Innate Abilities, Weirdness & Mutations

You have temporarily grown beastly horns and talons.
Your demonic aura sometimes causes spilled blood to erupt in flames.
Spells you cast may paralyse nearby enemies.
Your touch may inflict irresistible damage on your foes.


Message History

The scorpion misses you.
It was a potion of haste.
You feel yourself speed up.
Your transformation is almost over.
* * * LOW HITPOINT WARNING * * *
You feel very sick. The scorpion stings you.
* * * LOW HITPOINT WARNING * * *
It was a potion of attraction.
You feel attractive to monsters.
* * * LOW HITPOINT WARNING * * *
You feel sick.
The scorpion stings you but does no damage.
It was a potion of berserk rage.
A red film seems to cover your vision as you go berserk!
You feel yourself moving faster!
You feel mighty!
* * * LOW HITPOINT WARNING * * *
You feel sick.
You are too berserk!
Unknown command.
You punch the scorpion!
You kill the scorpion!
* * * LOW HITPOINT WARNING * * *
You feel sick.
* * * LOW HITPOINT WARNING * * *
You feel sick.
You see here 5 gold pieces.
Okay, then.
You are too berserk!
You feel a strong urge to attack something.
* * * LOW HITPOINT WARNING * * *
You feel sick.
You see here 12 gold pieces.
* * * LOW HITPOINT WARNING * * *
You feel sick.
You see here 5 gold pieces.
You feel your anger nearly subside.
You are no longer berserk.
You are exhausted.
You feel yourself slow down.
You die...
Your body crumbles into a pile of gold.

# #.....# ##### #.#
####.....###
#.......##.#
....#'##...###.8.8.8..#
....#.####..#.........#.
#####.# ##.#...........
......# #.#.#.........
####### #...#_)....... #
##..#.!.....#. $ #
##...@....... #
#...$.......
##.8.8.8.... #........#.
###...$..# ########


There were no monsters in sight!

Vanquished Creatures
  An ice beast (D:6)
  An ogre (D:5)
  2 centaurs
  A phantom (D:5)
  2 necrophages
  5 scorpions
  2 howler monkeys (D:4)
  2 hounds
  4 orc priests
  A gnoll bouda (D:4)
  Terence (D:2)
  An iguana (D:5)
  4 orc wizards
  7 adders
  3 gnolls
  A worm (D:3)
  A dart slug (D:1)
  22 orcs
  3 ball pythons
  12 endoplasms
  5 giant cockroaches
  7 goblins
  4 hobgoblins
  2 jackals (D:3)
  4 kobolds
  A quokka (D:3)
  6 bats
  5 frilled lizards
  7 rats
  A bush (D:1)
118 creatures vanquished.

Notes
Turn   | Place    | Note
-------+----------+-------------------------------------------
     0 | D:1      | kd29 the Demonspawn Transmuter began the quest for the Orb.
     0 | D:1      | Reached XP level 1. HP: 15/15 MP: 3/3
   246 | D:1      | Gained mutation: Your touch may inflict minor irresistible
                  | damage on your foes. [demonic ancestry]
   246 | D:1      | Reached XP level 2. HP: 21/21 MP: 3/5
  1489 | D:2      | Reached XP level 3. HP: 26/26 MP: 4/6
  1579 | D:2      | Reached skill level 3 in Unarmed Combat
  1702 | D:2      | Noticed Terence
  1710 | D:2      | Killed Terence
  1711 | D:2      | Gained mutation: Your touch may inflict irresistible damage
                  | on your foes. [demonic ancestry]
  1711 | D:2      | Reached XP level 4. HP: 33/33 MP: 5/7
  1934 | D:2      | Learned a level 2 spell: Wereblood
  2439 | D:3      | Found a basalt altar of Yredelemnul.
  3364 | D:4      | Gained mutation: Spells you cast may paralyse adjacent
                  | enemies. [demonic ancestry]
  3364 | D:4      | Reached XP level 5. HP: 39/39 MP: 5/8
  3630 | D:4      | Reached skill level 4 in Unarmed Combat
  3769 | D:4      | Found a staircase to the Ecumenical Temple.
  3829 | Temple   | Entered the Ecumenical Temple
  3989 | Temple   | Became a worshipper of Ru the Awakened
  4145 | D:5      | Entered Level 5 of the Dungeon
  4159 | D:4      | HP: 2/40 [gnoll/+0 flail[a gnoll bouda] (5)]
  4442 | D:4      | Gained mutation: Your demonic aura sometimes causes spilled
                  | blood to erupt in flames. [demonic ancestry]
  4442 | D:4      | Reached XP level 6. HP: 45/46 MP: 5/9
  4545 | D:4      | Found an opulent altar of Gozag.
  4648 | D:4      | Fell from the grace of Ru
  4648 | D:4      | Became a worshipper of Gozag Ym Sagoz the Greedy
  4827 | D:5      | Reached skill level 5 in Unarmed Combat
  4938 | D:5      | Reached XP level 7. HP: 34/52 MP: 6/10
  5565 | D:4      | Reached skill level 6 in Unarmed Combat
  5873 | D:5      | Gained mutation: Spells you cast may paralyse nearby
                  | enemies. [demonic ancestry]
  5873 | D:5      | Reached XP level 8. HP: 55/61 MP: 11/11
  6169 | D:6      | Reached skill level 5 in Transmutations
  6285 | D:6      | Found an ancient bone altar of Kikubaaqudgha.
  6398 | D:6      | Found a hide-covered altar of Uskayaw.
  6407 | D:6      | Reached skill level 5 in Fighting
  6407 | D:6      | Reached skill level 7 in Unarmed Combat
  6419 | D:6      | HP: 4/93 [poisoned by a scorpion]
  6422 | D:6      | HP: 1/93 [poisoned by a scorpion]
  6423 | D:6      | Succumbed to a scorpion's poison

Illustrated notes

Levels and vault maps discovered:
D:1:      scummos_arrival_simple_crosswalls, layout_basic, supply_closet_lemuel,
          minmay_hedge_maze, corexii_corridor_pit
D:2:      layout_loops_cross, minmay_split_cup_small, uniq_terence
D:3:      layout_basic, general_overflow_altar
D:4:      layout_loops_cross, mainiacjoe_overflow_24_doors,
          minmay_temple_entry_gardened_gates, hangedman_abyss_or_decor_stagger
D:5:      layout_basic, nicolae_overflow_hidden_temple
D:6:      layout_basic, eat_drink_and_be_merry_uskayaw,
          mainiacjoe_overflow_cross_hatched, corexii_hall_statues_deadend
Temple:   compressed_dpeg_triangle_lava_temple

Skill      XL: |  1  2  3  4  5  6  7  8 |
---------------+-------------------------+-----
Dodging        | 2 |  2.0
Transmutations | 2 3 4 5 |  5.2
Unarmed Combat | 3 4 5 6 7 |  7.1
Fighting       | 2 3 4 5 |  5.1
Spellcasting   | |  2.1

Action                   |  1- 3 |  4- 6 |  7- 9 || total
-------------------------+-------+-------+-------++-------
Melee: Unarmed           |   103 |   114 |    98 ||   315
       Kick              |    14 |    20 |    35 ||    69
       Headbutt          |     4 |    14 |    10 ||    28
       Touch             |    23 |    19 |    17 ||    59
       Long sword        |       |     3 |       ||     3
       Punch             |       |     1 |     1 ||     2
 Cast: Beastly Appendage |    21 |    28 |    13 ||    62
       Wereblood         |       |     4 |     3 ||     7
  Use: Potion            |       |       |     3 ||     3
 Stab: Sleeping          |     2 |     1 |       ||     3
       Distracted        |       |       |     1 ||     1
       Paralysed         |       |       |     1 ||     1
Armor: Robe              |    14 |    26 |    29 ||    69
       Skin              |     1 |       |       ||     1
Dodge: Dodged            |    53 |    70 |    50 ||   173
